 Dungeon Crawl Stone Soup version 0.30-b1-2-g02819fbbbe (webtiles) character file.

Game seed: 12679282632923225234

19 raph the Firebug (level 2, -2/15 HPs)
             Began as a Deep Elf Fire Elementalist on Sept 17, 2023.
             Slain by Sigmund
             ... wielding a +0 scythe
              (8 damage)
             ... on level 2 of the Dungeon.
             The game lasted 00:02:17 (1340 turns).

raph the Firebug (Deep Elf Fire Elementalist)       Turns: 1340, Time: 00:02:17

Health: -2/15      AC:  2    Str:  5    XL:     2   Next: 55%
Magic:  0/8        EV: 12    Int: 19    God:
Gold:   24         SH:  0    Dex: 15    Spells: 4/7 levels left

rFire   . . .        j - +2 dagger (venom)
rCold   . . .        (no shield)
rNeg    . . .        a - +0 robe
rPois   .            (no helmet)
rElec   .            (no cloak)
rCorr   .            (no gloves)
SInv    .            (no boots)
Will    .....        (no amulet)
Stlth   ++           (no ring)
HPRegen 0.22/turn    (no ring)
MPRegen 0.11/turn

%: no passive effects
@: very slightly contaminated
A: no striking features
a: no special abilities


You were on level 2 of the Dungeon.
You visited 1 branch of the dungeon, and saw 2 of its levels.

You collected 24 gold pieces.

Inventory:

Hand Weapons
 j - a +2 dagger of venom (weapon)
 k - a +2 dagger of draining
Armour
 a - a +0 robe (worn)
Scrolls
 c - 4 scrolls of identify {unknown}
 d - 2 scrolls of teleportation {unknown}
 e - a scroll of fear {unknown}
 f - a scroll of fog {unknown}
 h - a scroll of enchant armour {unknown}
 i - a scroll of torment {unknown}
Potions
 b - 2 potions of magic
 g - a potion of resistance {unknown}


   Skills:
 - Level 2.4 Dodging
 - Level 2.4 Stealth
 + Level 3.4 Spellcasting
 + Level 1.6 Conjurations
 * Level 3.9 Fire Magic


You had 4 spell levels left.
You knew the following spells:

 Your Spells              Type           Power      Damage    Failure   Level
a - Foxfire               Conj/Fire      52%        2x1d6     4%          1
b - Scorch                Fire           36%        2d7       4%          2

Your spell library contained the following spells:

 Spells                   Type           Power      Damage    Failure   Level
 Inner Flame              Hex/Fire       10%        N/A       21%         3
 Volatile Blastmotes      Fire/Tloc      20%        2d11      21%         3
 Flame Wave               Conj/Fire      13%        2d6       43%         4


Dungeon Overview and Level Annotations

Branches:
Dungeon (2/15)

Altars:

Shops:
D:1 :

Annotations:
D:2 Sigmund


Message History

Your foxfire dissipates!
The foxfire hits Sigmund.
Sigmund is moderately wounded.
Sigmund casts a spell at you. You resist with significant effort.
Sigmund casts a spell.
Sigmund flickers and vanishes!
Deactivating autopickup; reactivate with Ctrl-A.
Casting: Foxfire (safe; 4% risk of failure)
Confirm with . or Enter, or press ? or * to list all spells.
You conjure some foxfire!
Casting: Foxfire (safe; 4% risk of failure)
Confirm with . or Enter, or press ? or * to list all spells.
You miscast Foxfire.
You are very lightly contaminated with residual magic.
Nothing appears to happen.
The foxfire hits something. x2
Casting: Foxfire (safe; 4% risk of failure)
Confirm with . or Enter, or press ? or * to list all spells.
You conjure some foxfire!
Casting: Foxfire (safe; 4% risk of failure)
Confirm with . or Enter, or press ? or * to list all spells.
You conjure some foxfire!
The foxfire hits something but does no damage.
The foxfire hits something.
Something hits you!
Ouch! That really hurt!
Casting: Foxfire (safe; 4% risk of failure)
Confirm with . or Enter, or press ? or * to list all spells.
You conjure some foxfire!
The foxfire hits something. x2
Casting: Foxfire (safe; 4% risk of failure)
Confirm with . or Enter, or press ? or * to list all spells.
You conjure some foxfire!
The foxfire hits something.
The foxfire hits something but does no damage.
Something hits you.
Casting: Foxfire (safe; 4% risk of failure)
Confirm with . or Enter, or press ? or * to list all spells.
You conjure some foxfire!
The foxfire hits something but does no damage.
Something hits you!
Ouch! That really hurt!
You die...

#..#.......#
#$.#.......#
#..........#
#.#.......#
#.##.#...######..
######.#......)..†...#
#.........†#########..
.....####........#
.### #v@v.....#..
#§v§.......#
#........###
#........# ##########


There were no monsters in sight!

Vanquished Creatures
  3 ball pythons (D:1)
  2 bats
  An endoplasm (D:1)
  A giant cockroach (D:1)
  3 goblins (D:1)
  A hobgoblin (D:1)
  2 quokkas (D:1)
  A frilled lizard (D:1)
  2 kobolds (D:1)
  2 rats
18 creatures vanquished.

Vanquished Creatures (others)
  74 foxfires
74 creatures vanquished.

Grand Total: 92 creatures vanquished

Notes
Turn   | Place    | Note
-------+----------+-------------------------------------------
     0 | D:1      | raph the Deep Elf Fire Elementalist began the quest for the
                  | Orb.
     0 | D:1      | Reached XP level 1. HP: 10/10 MP: 6/6
   451 | D:1      | Found Haczoetue's Book Shop.
   463 | D:1      | Reached XP level 2. HP: 15/15 MP: 2/8
   621 | D:1      | Learned a level 2 spell: Scorch
  1294 | D:2      | Identified the +1 flail "Zaskoek" {antimagic, Drain rF+
                  | Will+}
  1323 | D:2      | Noticed Sigmund
  1340 | D:2      | Slain by Sigmund

Illustrated notes

Levels and vault maps discovered:
D:1:      wheals_arrival_linesprint, layout_basic, serial_shops,
          nicolae_shop_crystal, serial_curves, eino_curves_01, eino_curves_04,
          eino_curves_02
D:2:      layout_rooms, serial_shops, shop, ebering_ecumenical_altar_petrified,
          uniq_sigmund

Action                     || total
---------------------------++-------
   Cast: Foxfire           ||    48
         Scorch            ||     1
